 Dungeon Crawl Stone Soup version 0.22-a0-799-g88f5e90 (console) character file.

406 Jenz the Shooter (level 6, -11/47 HPs)
             Began as a Vampire Hunter on July 21, 2018.
             Was an Initiate of Okawaru.
             Mangled by an orc warrior
             ... wielding a +2 long sword of slicing
             ... summoned by the darkness of Dithmenos
              (13 damage)
             ... on level 4 of the Dungeon.
             The game lasted 00:33:21 (4206 turns).

Jenz the Shooter (Vampire Hunter)                   Turns: 4206, Time: 00:33:22

Health: -11/47     AC:  4    Str: 12      XL:     6   Next: 56%
Magic:  6/6        EV: 12    Int: 11 (13) God:    Okawaru [......]
Gold:   165        SH:  0    Dex: 16      Spells: 5/5 levels left

rFire    . . .     SeeInvis +   o - +2 dagger (venom)
rCold    + . .     Gourm    .   (no shield)
rNeg     + + .     Faith    .   c - +0 leather armour
rPois    +         Spirit   .   (no helmet)
rElec    .         Reflect  .   (no cloak)
rCorr    .         Harm     .   (no gloves)
MR       .....                  s - +0 pair of boots
Stlth    +++.......             h - amulet of the acrobat
HPRegen  0.07/turn              (no ring)
MPRegen  0.10/turn              (no ring)

@: regenerating slowly, drained
A: fangs 3, see invisible, unbreathing
a: Bat Form, Renounce Religion


You were on level 4 of the Dungeon.
You worshipped Okawaru.
Okawaru was noncommittal.
You were very thirsty.

You visited 2 branches of the dungeon, and saw 5 of its levels.

You collected 165 gold pieces.

Inventory:

Hand Weapons
 a - a +1 shortbow
 o - a +2 dagger of venom (weapon)
 t - a +0 arbalest
Missiles
 d - 15 arrows
Armour
 c - a +0 leather armour (worn)
 s - a +0 pair of boots (worn)
Magical Staves
 q - an uncursed staff of air {unknown}
Jewellery
 b - an uncursed amulet of faith
 h - an amulet of the acrobat (around neck)
Scrolls
 f - a scroll of amnesia
Potions
 e - 3 potions of blood
 g - 2 potions of curing
 j - a potion of haste
 k - a potion of agility
 m - a potion of flight
 n - a potion of ambrosia {unknown}
 p - a potion of heal wounds {unknown}
 r - a potion of mutation {unknown}
 u - a potion of might {unknown}
 v - a potion of berserk rage {unknown}


   Skills:
 + Level 3.1(2.8) Fighting
 + Level 0.7(0.4) Short Blades
 + Level 5.5(5.2) Bows
 + Level 1.5(1.2) Armour
 + Level 2.3(2.0) Dodging
 + Level 2.5(2.2) Stealth
 + Level 0.3(0.0) Invocations


You had 5 spell levels left.
You didn't know any spells.
Your spell library was empty.

Dungeon Overview and Level Annotations

Branches:
Dungeon (4/15)             Temple (1/1) D:4

Altars:
Ashenzari
Cheibriados
Dithmenos
Elyvilon
Fedhas
Gozag
Hepliaklqana
Kikubaaqudgha
Makhleb
Nemelex Xobeh
Okawaru
Qazlal
Ru
Sif Muna
Trog
Vehumet
Wu Jian
Xom
Yredelemnul
Zin


Innate Abilities, Weirdness & Mutations

You heal slowly.
You have razor-sharp teeth.
You have supernaturally acute eyesight. (SInv)
You can survive without breathing.


Message History

You closely miss the orc warrior.
The orc warrior is lightly wounded.
You hit the orc warrior.
The orc warrior looks as sick as possible!
The orc warrior is moderately wounded.
The orc warrior barely misses you.
The orc priest shouts!
You hit the orc warrior.
The orc warrior looks as sick as possible!
The orc warrior is heavily wounded.
The orc warrior barely misses you.
The orc priest calls down the wrath of Dithmenos upon you.
Dithmenos smites you!
* * * LOW HITPOINT WARNING * * *
You hit the orc warrior but do no damage.
The orc warrior looks as sick as possible!
Your bite misses the orc warrior.
The orc warrior is severely wounded.
The orc warrior hits you with a long sword of slicing!
You die...

#..#
#.##
#.#
#.#
#.#
#.#
#.#
#.#
#.#
#.#
#@#
#o#
#o#


oJ# #### You could see an orc warrior, a jelly, an orc priest and an orc.

Vanquished Creatures
  An ogre (D:4)
  An orc wizard (D:3)
  4 adders
  3 worms
  3 orcs (D:3)
  2 ball pythons
  8 bats
  4 giant cockroaches
  5 goblins
  6 hobgoblins
  16 kobolds
  A quokka (D:3)
  6 frilled lizards
  12 rats
72 creatures vanquished.

Vanquished Creatures (collateral kills)
  Sigmund (D:2)
  A big kobold (D:3)
  A hobgoblin (D:3)
  A kobold (D:3)
4 creatures vanquished.

Grand Total: 76 creatures vanquished

Notes
Turn   | Place    | Note
-------+----------+-------------------------------------------
     0 | D:1      | Jenz the Vampire Hunter began the quest for the Orb.
     0 | D:1      | Reached XP level 1. HP: 16/16 MP: 1/1
   231 | D:1      | Reached XP level 2. HP: 22/22 MP: 2/2
   972 | D:2      | Found an opulent altar of Gozag.
   973 | D:2      | Found a sparkling altar of Nemelex Xobeh.
   980 | D:2      | Became a worshipper of Nemelex Xobeh the Trickster
  1097 | D:2      | Reached skill level 4 in Bows
  1097 | D:2      | Reached XP level 3. HP: 27/27 MP: 3/3
  1507 | D:2      | Received a gift from Nemelex Xobeh
  1568 | D:2      | Noticed Sigmund
  1574 | D:2      | Killed Sigmund
  1574 | D:2      | Reached XP level 4. HP: 16/34 MP: 4/4
  1574 | D:2      | Reached XP level 5. HP: 18/39 MP: 5/5
  1992 | D:3      | Reached skill level 5 in Bows
  2255 | D:3      | Reached XP level 6. HP: 46/46 MP: 6/6
  2533 | D:3      | Reached skill level 1 in Armour
  2767 | D:4      | Reached * piety under Nemelex Xobeh
  2885 | D:4      | Found an ornate altar of the Wu Jian Council.
  3100 | D:4      | Found a staircase to the Ecumenical Temple.
  3109 | Temple   | Entered the Ecumenical Temple
  3291 | Temple   | Fell from the grace of Nemelex Xobeh
  3291 | Temple   | Became a worshipper of Sif Muna the Loreminder
  3331 | Temple   | Fell from the grace of Sif Muna
  3331 | Temple   | Became a worshipper of Dithmenos the Shadowed
  3433 | D:4      | Found an iron altar of Okawaru.
  3606 | D:4      | Fell from the grace of Dithmenos
  3606 | D:4      | Became a worshipper of Warmaster Okawaru
  3613 | D:4      | Found a burning altar of Makhleb.
  4196 | D:4      | Noticed an orc warrior
  4205 | D:4      | HP: 2/47 [orc priest/divine providence[the darkness of Dithmenos] (13)]
  4206 | D:4      | Mangled by an orc warrior

Vault maps used:
D:1:      lemuel_arrival_lava_pool
D:2:      grunt_temple_overflow_opulence, uniq_sigmund
D:3:      cheibrodos_thug_alley
D:4:      old_standard_altar, amethyst_overflow_temple_binary,
          minmay_temple_entry_glassed_door, first_ration
Temple:   regret_index_temple_generic_petals

Skill      XL: |  1  2  3  4  5  6 |
---------------+-------------------+-----
Stealth        | 2 |  2.5
Fighting       | 2 3 |  3.1
Bows           | 4 5 |  5.5
Armour         | 1 |  1.5
Short Blades   | |  0.7
Dodging        | |  2.3
Invocations    | |  0.3

Action                   |  1- 3 |  4- 6 || total
-------------------------+-------+-------++-------
Melee: Short sword       |     4 |       ||     4
       Dagger            |       |    12 ||    12
 Fire: Shortbow          |    81 |   109 ||   190
Evoke: Deck              |     2 |     2 ||     4
  Use: Scroll            |     7 |     5 ||    12
       Potion            |     2 |     4 ||     6
  Eat: Corpse            |       |     2 ||     2
Armor: Leather armour    |     4 |     4 ||     8
Dodge: Dodged            |    18 |    23 ||    41

Table legend:
 A = Spawn XP
 B = Non-spawn XP
 C = Spawn XP percentage of total XP
 D = Spawn monster count
 E = Non-spawn monster count
 F = Spawn count percentage of total count
 G = Total turns spent on level
                    A         B        C        D         E        F      G
               +---------+---------+-------+---------+---------+-------+---------
         Total |       0 |     581 |   0.0 |       0 |      76 |   0.0 |  4206
               +---------+---------+-------+---------+---------+-------+---------
           D:1 |       0 |      33 |   0.0 |       0 |      22 |   0.0 |   885
           D:2 |       0 |     216 |   0.0 |       0 |      14 |   0.0 |   975
           D:3 |       0 |     212 |   0.0 |       0 |      37 |   0.0 |   905
           D:4 |       0 |     120 |   0.0 |       0 |       3 |   0.0 |  1192
               +---------+---------+-------+---------+---------+-------+---------
